TOP OF THE 1ST |
Rancho Cucamonga Quakes batting - Pitching for Bradenton Marauders : LHP Martin Cotado
|
Pitching: LHP Martin Cotado
|
|
Batting: RHB Omar Resendez
|
0-0: Swinging Strike 0-1: Foul Ball, location: 2F 0-2: Ball 1-2: Strikes out looking
|
Batting: RHB Mario Mejia
|
0-0: Foul Ball, location: 2F 0-1: Foul Ball, location: 2F 0-2: Ball 1-2: Strikes out looking
|
Batting: RHB Christopher Gallino
|
0-0: Ball 1-0: Called Strike 1-1: Fly out, F8 (Flyball, 8LD, EV 96.9 MPH)
|
Top of the 1st over - 0 runs, 0 hits, 0 errors, 0 left on base; Rancho Cucamonga 0 - Bradenton 0 |
BOTTOM OF THE 1ST |
Bradenton Marauders batting - Pitching for Rancho Cucamonga Quakes : RHP Malcolm Johnson
|
Pitching: RHP Malcolm Johnson
|
|
Batting: RHB Slamet Pamungkas
|
0-0: Ball 1-0: Swinging Strike 1-1: Ball 2-1: Swinging Strike 2-2: Ball 3-2: Base on Balls
|
Batting: LHB Alex Mandry
|
0-0: Ball Pickoff Throw to First - Error! E1 Slamet Pamungkas to second 1-0: Called Strike 1-1: Ball 2-1: SINGLE (Groundball, 6MS, EV 71.9 MPH) (infield hit) Slamet Pamungkas to third
|
Batting: SHB Mike Jorgenson
|
0-0: Ball 1-0: Called Strike 1-1: Ball 2-1: Ball 3-1: Base on Balls Alex Mandry to second
|
Batting: RHB Pedro Criollo
|
0-0: Ball 1-0: Ball 2-0: Ball 3-0: Base on Balls Slamet Pamungkas scores Alex Mandry to third Mike Jorgenson to second
|
Pitching: RHP Ben Redwine
|
|
Batting: RHB Lupe Covarrubias
|
0-0: Foul Ball, location: 2F 0-1: Foul Ball, location: 2F 0-2: Ball 1-2: Foul Ball, location: 2F 1-2: Ball 2-2: Ball 3-2: Base on Balls Alex Mandry scores Mike Jorgenson to third Pedro Criollo to second
|
Batting: RHB Sergio Aceves
|
0-0: Ball 1-0: Ball 2-0: Ball 3-0: Called Strike 3-1: Ground out 4-3 (Groundball, 4S, EV 66.9 MPH) Mike Jorgenson scores Pedro Criollo to third Lupe Covarrubias to second
|
Batting: RHB Nelson Ozuna
|
0-0: Ball 1-0: Ground out 6-3 (Groundball, 6, EV 86.3 MPH) Pedro Criollo scores Lupe Covarrubias to third
|
Batting: SHB Francisco Salazar
|
0-0: Foul Ball, location: 2F 0-1: SINGLE (Line Drive, 8RS, EV 100.0 MPH) Lupe Covarrubias scores
|
Batting: LHB Martin Cotado
|
0-0: SINGLE (Groundball, 4MD, EV 94.4 MPH) Francisco Salazar to second Runner from 2nd tries for 3rd, SAFE, throw by CF made to third
|
Pinch Runner at 3rd Raul Mendoza:
|
|
Batting: RHB Slamet Pamungkas
|
0-0: Ball 1-0: Ball 2-0: Ball 3-0: Base on Balls Martin Cotado to second
|
Pitching: RHP Ludo Argo
|
|
Batting: LHB Alex Mandry
|
0-0: Called Strike 0-1: Ball 1-1: Ground out 4-3 (Groundball, 34D, EV 92.5 MPH)
|
Bottom of the 1st over - 5 runs, 3 hits, 1 error, 3 left on base; Rancho Cucamonga 0 - Bradenton 5 |
TOP OF THE 2ND |
Rancho Cucamonga Quakes batting - Pitching for Bradenton Marauders : LHP Martin Cotado
|
Now at 2B: Matt Goodman
|
|
Batting: RHB Marty Roldan
|
0-0: Foul Ball, location: 2F 0-1: Ball 1-1: Ball 2-1: Swinging Strike 2-2: Strikes out swinging
|
Batting: LHB Tim Dakin
|
0-0: Fly out, F2 (Popup, 5SF, EV 75.0 MPH)
|
Batting: LHB William Cano
|
0-0: DOUBLE (Line Drive, 7LM, EV 94.4 MPH)
|
Batting: RHB Ian Enge
|
0-0: Ground out 5-3 (Groundball, 56S, EV 68.1 MPH)
|
Top of the 2nd over - 0 runs, 1 hit, 0 errors, 1 left on base; Rancho Cucamonga 0 - Bradenton 5 |
BOTTOM OF THE 2ND |
Bradenton Marauders batting - Pitching for Rancho Cucamonga Quakes : RHP Ludo Argo
|
Batting: SHB Mike Jorgenson
|
0-0: Swinging Strike 0-1: Foul Ball, location: 2F 0-2: Ball 1-2: Foul Ball, location: 2F 1-2: Ground out U3 (Groundball, 3, EV 83.8 MPH)
|
Batting: RHB Pedro Criollo
|
0-0: Called Strike 0-1: Ball 1-1: Called Strike 1-2: SINGLE (Line Drive, 4D, EV 96.3 MPH)
|
Batting: RHB Lupe Covarrubias
|
0-0: Ball 1-0: Called Strike 1-1: 2-RUN HOME RUN (Flyball, 78XD, EV 105.6 MPH), Distance : 399 ft
|
Batting: RHB Sergio Aceves
|
0-0: SINGLE (Groundball, 6D, EV 96.3 MPH)
|
Batting: RHB Nelson Ozuna
|
0-0: Ball 1-0: Ball 2-0: Ball Passed Ball! Sergio Aceves to second 3-0: Base on Balls
|
Pitching: RHP Jalen Merriweather
|
|
Batting: RHB Matt Goodman
|
0-0: Called Strike 0-1: Foul Ball, location: 2F 0-2: Foul Ball, location: 2F 0-2: Fielders Choice at 2nd, 6-4 (Groundball, 6, EV 86.9 MPH) Sergio Aceves to third
|
Batting: LHB Martin Cotado
|
0-0: Fly out, F8 (Flyball, 78XD, EV 89.4 MPH)
|
Bottom of the 2nd over - 2 runs, 3 hits, 0 errors, 2 left on base; Rancho Cucamonga 0 - Bradenton 7 |
TOP OF THE 3RD |
Rancho Cucamonga Quakes batting - Pitching for Bradenton Marauders : LHP Martin Cotado
|
Batting: LHB Cesar Gutierrez
|
0-0: Called Strike 0-1: Swinging Strike 0-2: Ground out 4-3 (Groundball, 4M, EV 101.9 MPH)
|
Batting: RHB Jalen Merriweather
|
0-0: Swinging Strike 0-1: Foul Ball, location: 2F 0-2: Strikes out swinging
|
Batting: RHB Omar Resendez
|
0-0: Ball 1-0: Called Strike 1-1: Called Strike 1-2: Ball 2-2: Strikes out looking
|
Top of the 3rd over - 0 runs, 0 hits, 0 errors, 0 left on base; Rancho Cucamonga 0 - Bradenton 7 |
BOTTOM OF THE 3RD |
Bradenton Marauders batting - Pitching for Rancho Cucamonga Quakes : RHP Jalen Merriweather
|
Batting: RHB Slamet Pamungkas
|
0-0: Ball 1-0: Foul Ball, location: 2F 1-1: Ball 2-1: Ball 3-1: DOUBLE (Line Drive, 78M, EV 104.4 MPH)
|
Batting: LHB Alex Mandry
|
0-0: SINGLE (Line Drive, 7S, EV 103.1 MPH) Slamet Pamungkas to third
|
Batting: SHB Mike Jorgenson
|
0-0: Called Strike 0-1: Hit by Pitch Alex Mandry to second
|
Batting: RHB Pedro Criollo
|
0-0: Ball 1-0: Swinging Strike 1-1: Swinging Strike 1-2: SINGLE (Groundball, 56D, EV 98.1 MPH) Slamet Pamungkas scores Alex Mandry to third Mike Jorgenson to second Runner from 3rd tries for Home, SAFE, throw by LF to home
|
Batting: RHB Lupe Covarrubias
|
0-0: Ball 1-0: SINGLE (Groundball, 6MS, EV 73.8 MPH) (infield hit) Mike Jorgenson to third Pedro Criollo to second
|
Pitching: RHP Yasuoka Takahashi
|
|
Batting: RHB Sergio Aceves
|
0-0: Called Strike 0-1: Ball 1-1: Ball 2-1: Foul Ball, location: 2F 2-2: Strikes out swinging
|
Batting: RHB Nelson Ozuna
|
0-0: SINGLE (Groundball, 34D, EV 95.0 MPH) Mike Jorgenson scores Pedro Criollo to third Lupe Covarrubias to second
|
Batting: RHB Matt Goodman
|
0-0: Swinging Strike 0-1: Ball 1-1: Foul Ball, location: 2F 1-2: Strikes out swinging
|
Batting: LHB Martin Cotado
|
0-0: Ball 1-0: Ball 2-0: Ball 3-0: Called Strike 3-1: Fly out, F8 (Flyball, 8RM, EV 90.0 MPH)
|
Bottom of the 3rd over - 3 runs, 5 hits, 0 errors, 3 left on base; Rancho Cucamonga 0 - Bradenton 10 |
TOP OF THE 4TH |
Rancho Cucamonga Quakes batting - Pitching for Bradenton Marauders : LHP Martin Cotado
|
Batting: RHB Mario Mejia
|
0-0: Ball 1-0: Foul Ball, location: 2F 1-1: DOUBLE (Line Drive, 9LM, EV 103.8 MPH)
|
Batting: RHB Christopher Gallino
|
0-0: Called Strike 0-1: Ground out 4-3 (Groundball, 4, EV 90.0 MPH) Mario Mejia to third
|
Batting: RHB Marty Roldan
|
0-0: Ball 1-0: Called Strike Steal of home, Mario Mejia is out 1-1: Called Strike 1-2: Ground out 6-3 (Groundball, 6, EV 85.0 MPH)
|
Top of the 4th over - 0 runs, 1 hit, 0 errors, 0 left on base; Rancho Cucamonga 0 - Bradenton 10 |
BOTTOM OF THE 4TH |
Bradenton Marauders batting - Pitching for Rancho Cucamonga Quakes : RHP Yasuoka Takahashi
|
Batting: RHB Slamet Pamungkas
|
0-0: Ball 1-0: Foul Ball, location: 2F 1-1: Fly out, F6 (Line Drive, 6, EV 70.0 MPH)
|
Pitching: RHP Jay Foley
|
|
Batting: LHB Alex Mandry
|
0-0: Called Strike 0-1: Foul Ball, location: 2F 0-2: Ball 1-2: Ball 2-2: Fly out, F7 (Flyball, 7S, EV 88.8 MPH)
|
Batting: SHB Mike Jorgenson
|
0-0: Ball 1-0: Ball 2-0: Ball 3-0: Called Strike 3-1: Ground out 4-3 (Groundball, 4, EV 93.8 MPH)
|
Bottom of the 4th over - 0 runs, 0 hits, 0 errors, 0 left on base; Rancho Cucamonga 0 - Bradenton 10 |
TOP OF THE 5TH |
Rancho Cucamonga Quakes batting - Pitching for Bradenton Marauders : LHP Martin Cotado
|
Batting: LHB Tim Dakin
|
0-0: DOUBLE (Flyball, 89XD, EV 94.4 MPH)
|
Batting: LHB William Cano
|
0-0: Ball 1-0: Ball Wild Pitch! Tim Dakin to third 2-0: Ball 3-0: Base on Balls
|
Batting: RHB Ian Enge
|
0-0: Ball 1-0: Fly out, F8 (Line Drive, 8RD, EV 90.0 MPH) Runner from 3rd tags up, SCORES, no throw by CF
|
Batting: LHB Cesar Gutierrez
|
0-0: Ball 1-0: Ball 2-0: Called Strike 2-1: Called Strike 2-2: Strikes out swinging
|
Batting: RHB Jay Foley
|
0-0: Fielders Choice at 2nd, U6 (Groundball, 6M, EV 88.1 MPH)
|
Top of the 5th over - 1 run, 1 hit, 0 errors, 1 left on base; Rancho Cucamonga 1 - Bradenton 10 |
BOTTOM OF THE 5TH |
Bradenton Marauders batting - Pitching for Rancho Cucamonga Quakes : RHP Jay Foley
|
Batting: RHB Pedro Criollo
|
0-0: Ball 1-0: Foul Ball, location: 2F 1-1: Ball 2-1: SINGLE (Line Drive, 8LS, EV 86.3 MPH)
|
Batting: RHB Lupe Covarrubias
|
0-0: Ball 1-0: Foul Ball, location: 2F 1-1: Grounds into double play, 4-6-3 (Groundball, 4, EV 87.5 MPH)
|
Batting: RHB Sergio Aceves
|
0-0: Called Strike 0-1: Called Strike 0-2: Ball 1-2: SINGLE (Groundball, 6MD, EV 95.0 MPH)
|
Pitching: LHP Cesar Vargas
|
|
Batting: RHB Nelson Ozuna
|
0-0: Called Strike 0-1: Ball 1-1: Ball 2-1: Called Strike 2-2: Ball 3-2: Foul Ball, location: 2F 3-2: Base on Balls Sergio Aceves to second
|
Batting: RHB Matt Goodman
|
0-0: Ground out 2-3 (Groundball, 2R, EV 71.9 MPH)
|
Bottom of the 5th over - 0 runs, 2 hits, 0 errors, 2 left on base; Rancho Cucamonga 1 - Bradenton 10 |
TOP OF THE 6TH |
Rancho Cucamonga Quakes batting - Pitching for Bradenton Marauders : LHP Martin Cotado
|
Batting: RHB Omar Resendez
|
0-0: Ball 1-0: Foul Ball, location: 2F 1-1: Swinging Strike 1-2: Ball 2-2: Strikes out looking
|
Batting: RHB Mario Mejia
|
0-0: Ball 1-0: Ground out 5-3 (Groundball, 5L, EV 91.3 MPH)
|
Batting: RHB Christopher Gallino
|
0-0: Called Strike 0-1: Ball 1-1: Ground out 4-3 (Groundball, 34, EV 86.9 MPH)
|
Top of the 6th over - 0 runs, 0 hits, 0 errors, 0 left on base; Rancho Cucamonga 1 - Bradenton 10 |
BOTTOM OF THE 6TH |
Bradenton Marauders batting - Pitching for Rancho Cucamonga Quakes : LHP Cesar Vargas
|
Batting: LHB Martin Cotado
|
0-0: Ball 1-0: Ball 2-0: Called Strike 2-1: Ball 3-1: Called Strike 3-2: Foul Ball, location: 2F 3-2: Fly out, F7 (Flyball, 7S, EV 87.5 MPH)
|
Batting: RHB Slamet Pamungkas
|
0-0: Swinging Strike 0-1: Ball 1-1: Foul Ball, location: 2F 1-2: Foul Ball, location: 2F 1-2: Ground out 6-3 (Groundball, 6, EV 88.1 MPH)
|
Batting: LHB Alex Mandry
|
0-0: Ground out 6-3 (Groundball, 6, EV 80.6 MPH)
|
Bottom of the 6th over - 0 runs, 0 hits, 0 errors, 0 left on base; Rancho Cucamonga 1 - Bradenton 10 |
TOP OF THE 7TH |
Rancho Cucamonga Quakes batting - Pitching for Bradenton Marauders : LHP Martin Cotado
|
Batting: RHB Marty Roldan
|
0-0: Swinging Strike 0-1: Foul Ball, location: 2F 0-2: Ball 1-2: SINGLE (Groundball, 6D, EV 101.3 MPH)
|
Batting: LHB Tim Dakin
|
0-0: Called Strike 0-1: Swinging Strike 0-2: Strikes out swinging
|
Batting: LHB William Cano
|
0-0: Foul Ball, location: 2F 0-1: Ball 1-1: Called Strike 1-2: Ball 2-2: Foul Ball, location: 2F 2-2: Foul Ball, location: 2F 2-2: Grounds into double play, 4-6-3 (Groundball, 4, EV 80.6 MPH)
|
Top of the 7th over - 0 runs, 1 hit, 0 errors, 0 left on base; Rancho Cucamonga 1 - Bradenton 10 |
BOTTOM OF THE 7TH |
Bradenton Marauders batting - Pitching for Rancho Cucamonga Quakes : LHP Cesar Vargas
|
Batting: SHB Mike Jorgenson
|
0-0: Called Strike 0-1: SINGLE (Line Drive, 7S, EV 100.6 MPH)
|
Batting: RHB Pedro Criollo
|
0-0: Called Strike 0-1: Foul Ball, location: 2F 0-2: Foul Ball, location: 2F 0-2: Strikes out looking
|
Batting: RHB Lupe Covarrubias
|
0-0: Ball 1-0: Ball 2-0: Ball 3-0: Base on Balls Mike Jorgenson to second
|
Batting: RHB Sergio Aceves
|
0-0: Ball 1-0: Swinging Strike 1-1: Ball 2-1: Fly out, F8 (Flyball, 8RS, EV 89.4 MPH)
|
Batting: RHB Nelson Ozuna
|
0-0: Ball 1-0: Ball 2-0: Ball 3-0: Called Strike 3-1: Base on Balls Mike Jorgenson to third Lupe Covarrubias to second
|
Batting: RHB Matt Goodman
|
0-0: Ball 1-0: Fielders Choice at 2nd, 6-4 (Groundball, 6, EV 102.5 MPH)
|
Bottom of the 7th over - 0 runs, 1 hit, 0 errors, 3 left on base; Rancho Cucamonga 1 - Bradenton 10 |
TOP OF THE 8TH |
Rancho Cucamonga Quakes batting - Pitching for Bradenton Marauders : LHP Martin Cotado
|
Batting: RHB Ian Enge
|
0-0: Called Strike 0-1: Fly out, F8 (Flyball, 8RD, EV 90.0 MPH)
|
Batting: LHB Cesar Gutierrez
|
0-0: Ball 1-0: Called Strike 1-1: Foul Ball, location: 2F 1-2: Strikes out swinging
|
Batting: LHB Cesar Vargas
|
0-0: Ball 1-0: Foul Ball, location: 2F 1-1: Foul Ball, location: 2F 1-2: Fly out, F6 (Line Drive, 6, EV 70.6 MPH)
|
Top of the 8th over - 0 runs, 0 hits, 0 errors, 0 left on base; Rancho Cucamonga 1 - Bradenton 10 |
BOTTOM OF THE 8TH |
Bradenton Marauders batting - Pitching for Rancho Cucamonga Quakes : LHP Cesar Vargas
|
Batting: LHB Martin Cotado
|
0-0: Foul Ball, location: 2F 0-1: Ball 1-1: Ball 2-1: Ground out 3-1 (Groundball, 13, EV 83.1 MPH)
|
Batting: RHB Slamet Pamungkas
|
0-0: Ball 1-0: Foul Ball, location: 2F 1-1: Ball 2-1: Swinging Strike 2-2: Ball 3-2: Foul Ball, location: 2F 3-2: DOUBLE (Line Drive, 7LS, EV 99.4 MPH)
|
Batting: LHB Alex Mandry
|
0-0: Foul Ball, location: 2F 0-1: Ground out 5-3 (Groundball, 56, EV 88.1 MPH)
|
Batting: SHB Mike Jorgenson
|
0-0: Ball 1-0: Ball 2-0: Called Strike 2-1: Foul Ball, location: 2F 2-2: Ball 3-2: Ground out 5-3 (Groundball, 56, EV 86.3 MPH)
|
Bottom of the 8th over - 0 runs, 1 hit, 0 errors, 1 left on base; Rancho Cucamonga 1 - Bradenton 10 |
TOP OF THE 9TH |
Rancho Cucamonga Quakes batting - Pitching for Bradenton Marauders : LHP Martin Cotado
|
Batting: RHB Omar Resendez
|
0-0: Ball 1-0: Swinging Strike 1-1: Foul Ball, location: 2F 1-2: Ground out 6-3 (Groundball, 6MS, EV 80.6 MPH)
|
Batting: RHB Mario Mejia
|
0-0: Called Strike 0-1: Swinging Strike 0-2: Ball 1-2: Ball 2-2: Foul Ball, location: 2F 2-2: Strikes out swinging
|
Batting: RHB Christopher Gallino
|
0-0: Ball 1-0: Ground out 5-3 (Groundball, 56, EV 83.8 MPH)
|
Top of the 9th over - 0 runs, 0 hits, 0 errors, 0 left on base; Rancho Cucamonga 1 - Bradenton 10 |
|